 Dungeon Crawl Stone Soup version 0.21.1-1-g345015fe64 (webtiles) character file.

773 Gargoyl the Skirmisher (level 7, 0/58 (59) HPs)
             Began as a Centaur Abyssal Knight on May 22, 2018.
             Was a Priest of Lugonu.
             Slain by a yak (3 damage)
             ... on level 5 of the Dungeon on May 23, 2018.
             The game lasted 00:10:36 (6344 turns).

Gargoyl the Skirmisher (Centaur Abyssal Knight)     Turns: 6344, Time: 00:10:37

HP:   0/58 (59)     AC:  9    Str: 15    XL:     7   Next: 53%
MP:   10/10         EV:  7    Int: 11    God:    Lugonu [***...]
Gold: 266           SH:  0    Dex: 10    Spells: 6/6 levels left

rFire    + + .     SeeInvis .   a - +1 hand axe
rCold    + + .     Gourm    .   (no shield)
rNeg     . . .     Faith    .   g - +2 scale mail {rF+}
rPois    .         Spirit   .   (no helmet)
rElec    .         Reflect  .   u - scarf {rC+ rF+}
rCorr    .         Harm     .   (no gloves)
MR       .....                  (no barding)
Stlth    ..........             (no amulet)
HPRegen  0.19/turn              (no ring)
MPRegen  0.12/turn              l - ring of protection from cold

@: very quick
A: large, hooves 3, deformed body, speed 2, tough skin 3
a: Depart the Abyss, Bend Space, Banish, Renounce Religion


You were on level 5 of the Dungeon.
You worshipped Lugonu.
Lugonu was most pleased with you.
You were not hungry.

You visited 1 branch of the dungeon, and saw 5 of its levels.
You visited the Abyss 1 time.

You collected 266 gold pieces.

Inventory:

Hand Weapons
 a - a +1 hand axe (weapon)
Armour
 g - a +2 scale mail of fire resistance (worn)
 u - a scarf of resistance (worn)
Jewellery
 b - a +3 amulet of reflection {unknown}
 l - a ring of protection from cold (right hand)
 m - an uncursed ring of protection from magic {unknown}
Wands
 y - a wand of iceblast (8)
Scrolls
 d - 3 scrolls of identify
 e - 3 scrolls of amnesia
 j - 2 scrolls of teleportation
 p - 3 scrolls of remove curse
 w - a scroll of enchant weapon {unknown}
Potions
 f - 2 potions of heal wounds
 h - a potion of flight {unknown}
 i - a potion of berserk rage {unknown}
 k - a potion of invisibility {unknown}
 n - a potion of curing {unknown}
 o - a potion of lignification
 q - a potion of resistance {unknown}
 r - a potion of agility {unknown}
 s - 4 potions of haste {unknown}
 t - a potion of ambrosia {unknown}
 v - a potion of mutation {unknown}
Comestibles
 c - 5 rations
 x - 3 chunks of flesh


   Skills:
 + Level 4.2 Fighting
 + Level 4.0 Axes
 * Level 4.2 Armour
 + Level 1.5 Dodging
 * Level 4.2 Invocations


You had 6 spell levels left.
You didn't know any spells.

Dungeon Overview and Level Annotations

Branches:
Dungeon (5/15)
 Temple: D:4-7

Altars:
Qazlal
Xom


Innate Abilities, Weirdness & Mutations

You have hooves in place of feet.
Armour fits poorly on your strangely shaped body.
You cover ground very quickly.
You have extremely tough skin. (AC +3)


Message History

The orc barely misses you. The yak barely misses you.
Unknown command.
You hit the orc.
You kill the orc!
Lugonu accepts your kill.
You hit the yak. x2; The yak gores you.
* * * LOW HITPOINT WARNING * * *
The yak completely misses you.
You barely miss the yak. You hit the yak. x2
The yak gores you but does no damage. The yak gores you!
* * * LOW HITPOINT WARNING * * *
The yak gores you.
* * * LOW HITPOINT WARNING * * *
Unknown command.
Unknown command.
You barely miss the yak.
You hit the yak. x2; The yak barely misses you.
The yak gores you.
* * * LOW HITPOINT WARNING * * *
The yak gores you.
You die...

#..#..##.....##
##.....##..##.#
#P..#..##..##.#
#...##..#..##.#
###.........#.######
#.................
#........#.#######
##YY.#...>..#######
#Y@#..#...(........
#..##..............
#..###.............
#..# #.............
....# #.............
...######.........<...
#.#######........######
.. .....(........# .
...#########..#


You could see 3 yaks.

Vanquished Creatures
  A necrophage (D:5)
  A phantom (D:3)
  2 ogres (D:4)
  A scorpion (D:4)
  A worker ant (D:4)
  An iguana (D:4)
  An orc wizard (D:4)
  13 gnolls
  7 adders
  2 oozes
  2 worms
  A dart slug (D:1)
  7 leopard geckos
  9 orcs
  2 giant cockroaches (D:2)
  7 goblins
  5 hobgoblins
  4 jackals
  3 quokkas
  12 bats
  6 frilled lizards
  16 kobolds
  A leopard gecko skeleton (D:5)
  A quokka zombie (D:4)
  13 rats
119 creatures vanquished.

Notes
Turn   | Place    | Note
-------+----------+-------------------------------------------
     0 | Abyss:1  | Gargoyl the Centaur Abyssal Knight began the quest for the Orb.
     0 | Abyss:1  | Reached XP level 1. HP: 19/19 MP: 2/2
    39 | Abyss:3  | Got a crude robe
    50 | Abyss:3  | Identified the +4 robe of Shielding {rElec rC- rN+++ Dex-4} (You found it on level 3 of the Abyss)
    78 | Abyss:3  | Noticed a neqoxec
   106 | Abyss:3  | Noticed a starcursed mass
   109 | D:1      | Escaped the Abyss
   180 | D:1      | Reached XP level 2. HP: 25/26 MP: 3/3
   191 | D:1      | Reached * piety under Lugonu
   431 | D:1      | Reached XP level 3. HP: 26/31 MP: 4/4
  1160 | D:2      | Reached XP level 4. HP: 3/40 MP: 6/6
  1481 | D:2      | Reached ** piety under Lugonu
  1706 | D:2      | Reached skill level 1 in Dodging
  1740 | D:2      | HP: 2/40 [ooze (3)]
  2623 | D:2      | Found a shimmering altar of Xom.
  2708 | D:2      | Reached XP level 5. HP: 37/46 MP: 7/7
  4378 | D:3      | Noticed a phantom
  4418 | D:3      | Killed a phantom
  4418 | D:3      | Reached XP level 6. HP: 35/52 MP: 8/8
  5063 | D:4      | Reached *** piety under Lugonu
  5564 | D:4      | Reached XP level 7. HP: 45/59 MP: 9/9
  5943 | D:5      | Entered Level 5 of the Dungeon
  6311 | D:5      | Found a stormy altar of Qazlal.
  6314 | D:5      | Noticed a yak
  6317 | D:5      | Noticed a yak
  6320 | D:5      | Noticed a yak
  6344 | D:5      | Slain by a yak

Skill      XL: |  1  2  3  4  5  6  7 |
---------------+----------------------+-----
Axes           | 2 3 4 |  4.0
Armour         | 2 3 4 |  4.2
Dodging        | 1 |  1.5
Invocations    | 3 4 |  4.2
Fighting       | 4 |  4.2

Action                   |  1- 3 |  4- 6 |  7- 9 || total
-------------------------+-------+-------+-------++-------
Melee: Hand axe          |    96 |   256 |    50 ||   402
       Kick              |    12 |    48 |    15 ||    75
Invok: Depart the Abyss  |     1 |       |       ||     1
  Use: Scroll            |     1 |     7 |       ||     8
       Potion            |     1 |       |       ||     1
 Stab: Invisible         |       |     1 |       ||     1
  Eat: Chunk             |       |     9 |     2 ||    11
       Ration            |       |     1 |       ||     1
Armor: Scale mail        |    63 |   128 |    16 ||   207
Dodge: Dodged            |    45 |   120 |    21 ||   186
